 Dungeon Crawl Stone Soup version 0.18.1-8-gdd0e5ea (webtiles) character file.

4902 mrath the Thaumaturge (level 10, -1/58 HPs)
             Began as a Gargoyle Earth Elementalist on May 29, 2016.
             Was an Initiate of Vehumet.
             Slain by a death yak (19 damage)
             ... on level 8 of the Dungeon.
             The game lasted 01:10:07 (12885 turns).

mrath the Thaumaturge (GrEE)                       Turns: 12885, Time: 01:10:07

Health: -1/58      AC: 10    Str: 13    XL:     10   Next: 51%
Magic:  9/31       EV: 13    Int: 18    God:    Vehumet [......]
Gold:   371        SH:  0    Dex: 10    Spells: 6 memorised, 10 levels left

rFire  . . .     SeeInvis .     H - +4 short sword (venom)
rCold  . . .     Gourm    .     a - +0 robe
rNeg   + . .     Faith    .     (no shield)
rPois  ∞         Spirit   .     (no helmet)
rElec  +         Dismiss  .     (no cloak)
rCorr  .         Reflect  .     (no gloves)
SustAt .         Harm     .     M - +0 pair of boots
MR     +....                    (no amulet)
Stlth  ++........               q - ring of protection from magic
                                X - ring of magical power

@: repel missiles, somewhat resistant to hostile enchantments, unstealthy
A: negative energy resistance 1, electricity resistance, unbreathing,
petrification resistance, rot immunity, AC +7
a: Renounce Religion


You were on level 8 of the Dungeon.
You worshipped Vehumet.
Vehumet was noncommittal.
You were hungry.

You visited 2 branches of the dungeon, and saw 9 of its levels.

You collected 371 gold pieces.

Inventory:

Hand Weapons
 u - a +0 morningstar of holy wrath
 A - a cursed +3 flail of freezing
 B - a +2 short sword of speed
 D - a +0 hunting sling
 H - a +4 short sword of venom (weapon)
 W - a +1 whip of electrocution
Missiles
 b - 116 stones
 l - 52 poisoned needles
 m - 93 sling bullets
 L - 20 tomahawks (quivered)
Armour
 a - a +0 robe (worn)
 F - the +0 shield of Xozxaipt {rElec rC+ Str+4, unknown}
   (You found it on level 4 of the Dungeon)

   It affects your strength (+4).
   It protects you from cold.
   It insulates you from electricity.
 M - a +0 pair of boots (worn)
Jewellery
 p - an uncursed ring of fire
 q - a ring of protection from magic (right hand)
 Q - an uncursed ring of positive energy
 X - a ring of magical power (left hand)
Wands
 o - a wand of slowing (5/48)
 v - a wand of digging (14/24)
 y - a wand of polymorph (12/24)
 S - a wand of confusion (19/48)
 U - a wand of flame (18/48)
 Z - a wand of heal wounds (4/9)
Scrolls
 g - a scroll of random uselessness {unknown}
 h - 2 scrolls of identify
 j - 2 scrolls of recharging {unknown}
 s - 3 scrolls of remove curse
 t - 3 scrolls of teleportation {unknown}
 x - 2 scrolls of fear {unknown}
 z - 3 scrolls of magic mapping {unknown}
 G - a scroll of noise {unknown}
 I - 2 scrolls of amnesia {unknown}
 N - 3 scrolls of enchant weapon {unknown}
 T - a scroll of torment {unknown}
 V - a scroll of blinking {unknown}
Potions
 f - 4 potions of flight
 i - 5 potions of curing
 k - a potion of mutation {unknown}
 w - a potion of invisibility {unknown}
 C - a potion of lignification {unknown}
 E - 2 potions of ambrosia
 K - a potion of cure mutation {unknown}
 P - 2 potions of haste
 R - 2 potions of agility {unknown}
Books
 c - a book of Geomancy

   Spells                             Type                      Level
   a - Sandblast                      Earth                        1
   b - Passwall                       Transmutation/Earth          2
   c - Stone Arrow                    Conjuration/Earth            3
   d - Petrify                        Transmutation/Earth          4
   e - Lee's Rapid Deconstruction     Earth                        5
 e - a book of Minor Magic

   Spells                             Type                      Level
   a - Magic Dart                     Conjuration                  1
   b - Blink                          Translocation                2
   c - Call Imp                       Summoning                    2
   d - Repel Missiles                 Charms/Air                   2
   e - Slow                           Hexes                        2
   f - Conjure Flame                  Conjuration/Fire             3
   g - Mephitic Cloud                 Conjuration/Poison/Air       3
 J - a Necronomicon

   Spells                             Type                      Level
   a - Haunt                          Necromancy/Summoning         7
   b - Borgnjor's Revivification      Necromancy                   8
   c - Death's Door                   Charms/Necromancy            8
   d - Necromutation                  Transmutation/Necromancy     8
Comestibles
 d - 5 bread rations
 n - 2 slices of pizza
 r - 8 meat rations
 Y - a beef jerky


   Skills:
 + Level 4.6 Fighting
 + Level 4.1 Armour
 + Level 3.6 Dodging
 - Level 2.1 Stealth
 + Level 4.3 Shields
 * Level 8.1 Spellcasting
 + Level 6.1 Conjurations
   Level 0.7 Transmutations
 + Level 8.1 Earth Magic
 + Level 3.5 Evocations


You had 10 spell levels left.
You knew the following spells:

 Your Spells              Type           Power        Failure   Level  Hunger
a - Sandblast             Erth           #####.       1%          1    None
b - Stone Arrow           Conj/Erth      ####..       1%          3    #......
c - Lee's Rapid Deconstr  Erth           #####.....   12%         5    #####..
d - Conjure Flame         Conj/Fire      ###.....     10%         3    #......
e - Repel Missiles        Chrm/Air       #.....       14%         2    None
f - Magic Dart            Conj           ####         1%          1    None


Dungeon Overview and Level Annotations

Branches:
Dungeon (8/15)             Temple (1/1) D:4            Lair (0/8) D:8

Altars:
Ashenzari
Cheibriados
Dithmenos
Elyvilon
Fedhas
Gozag
Kikubaaqudgha
Makhleb
Nemelex Xobeh
Okawaru
Qazlal
Ru
Sif Muna
Trog
Vehumet
Xom
Yredelemnul
Zin
The Shining One
Lugonu

Shops:
D:6 *

Annotations:
D:5 Flavorfulsole's ghost, amateur TrFi
D:8 Erica; Gastronok; l0ser140's ghost, novice HuFi


Innate Abilities, Weirdness & Mutations

You are resistant to torment.
Your stone body is resilient (AC +7).
You are immune to poison.
You resist negative energy.
You are resistant to electric shocks.
You can survive without breathing.
You are immune to petrification.
You are immune to rotting.


Message History

Casting: Stone Arrow
Confirm with . or Enter, or press ? or * to list all spells.
Aiming: Stone Arrow
Press: ? - help, Shift-Dir - straight line, f/p - death yak
Aim: a death yak (severely wounded)
The stone arrow hits the death yak.
The death yak is severely wounded.
The death yak gores you!!
* * * LOW HITPOINT WARNING * * *
Casting: Stone Arrow
Confirm with . or Enter, or press ? or * to list all spells.
Aiming: Stone Arrow
Press: ? - help, Shift-Dir - straight line, f/p - death yak
Aim: a death yak (severely wounded)
The stone arrow hits the death yak.
The death yak is almost dead.
The death yak gores you but does no damage.
Drink which item? (? for menu, Esc to quit)
You feel better. The death yak gores you!!
You die...

### #.# #@#
#######Y#
......#.# #
#...# .#
###.#########.#
#.............#
#...........#
#..(.....>..+
#...........#


You could see a death yak.

Vanquished Creatures
  Grinder (D:3)
  Prince Ribbit (D:5)
  Sigmund (D:4)
  Eustachio (D:5)
  A yak (D:8)
  A black bear (D:7)
  4 orc warriors
  3 ice beasts
  4 ogres
  2 phantoms
  2 sky beasts
  5 centaurs
  A crocodile (D:8)
  Blork the orc (D:6)
  2 giant frogs (D:7)
  A scorpion (D:8)
  2 howler monkeys
  6 wights
  An electric eel (D:8)
  3 crimson imps
  A centaur zombie (D:7)
  3 orc priests
  5 hounds
  4 giant frog skeletons
  17 orc wizards
  5 worker ants
  A killer bee zombie (D:6)
  A sheep (D:8)
  A hound zombie (D:5)
  A hound skeleton (D:3)
  2 howler monkey zombies
  8 gnolls
  A worker ant zombie (D:7)
  11 adders
  A howler monkey skeleton (D:7)
  3 shadow imps
  3 oozes
  2 adder skeletons
  2 worms
  4 dart slugs
  7 giant geckos
  35 orcs
  A ball python (D:2)
  12 bats
  3 giant cockroaches
  17 goblins
  6 hobgoblins
  3 jackals
  3 quokkas
  11 giant newts
  8 kobolds
  2 quokka skeletons
  9 rats
236 creatures vanquished.

Vanquished Creatures (others)
  An orc (D:8)
1 creature vanquished.

Grand Total: 237 creatures vanquished

Notes
Turn   | Place    | Note
--------------------------------------------------------------
     0 | D:1      | mrath the Gargoyle Earth Elementalist began the quest for the Orb.
     0 | D:1      | Reached XP level 1. HP: 10/10 MP: 3/3
   274 | D:1      | Reached XP level 2. HP: 15/15 MP: 1/5
   891 | D:1      | Reached XP level 3. HP: 19/19 MP: 7/7
  1362 | D:1      | Learned a level 3 spell: Stone Arrow
  1556 | D:2      | Found a bloodstained altar of Trog.
  1566 | D:2      | Reached XP level 4. HP: 24/24 MP: 5/9
  2137 | D:2      | Reached skill level 1 in Conjurations
  2741 | D:3      | Noticed Grinder
  2743 | D:3      | Paralysed by Grinder for 6 turns
  2757 | D:3      | Paralysed by Grinder for 3 turns
  2760 | D:3      | Killed Grinder
  2760 | D:3      | Reached skill level 5 in Earth Magic
  2760 | D:3      | Reached XP level 5. HP: 14/28 MP: 2/12
  2760 | D:3      | Reached XP level 6. HP: 16/32 MP: 2/13
  2920 | D:3      | Found a glowing golden altar of the Shining One.
  3258 | D:3      | Found a snail-covered altar of Cheibriados.
  3482 | D:3      | Reached skill level 5 in Spellcasting
  3722 | D:3      | Reached XP level 7. HP: 36/36 MP: 11/14
  4079 | D:4      | Found a shimmering altar of Xom.
  4082 | D:4      | Found a shimmering altar of Xom.
  4326 | D:4      | Got a smoking shield
  4333 | D:4      | Learned a level 5 spell: Lee's Rapid Deconstruction
  4432 | D:4      | Noticed Sigmund
  4439 | D:4      | Killed Sigmund
  4439 | D:4      | Reached XP level 8. HP: 42/42 MP: 6/17
  4718 | D:4      | Found a staircase to the Ecumenical Temple.
  4728 | Temple   | Entered the Ecumenical Temple
  4892 | D:4      | Reached skill level 1 in Fighting
  5050 | D:4      | Found a stormy altar of Qazlal.
  5242 | D:5      | Entered Level 5 of the Dungeon
  5309 | D:5      | Noticed Flavorfulsole's ghost (amateur TrFi)
  5427 | D:5      | Reached skill level 1 in Armour
  5427 | D:5      | Reached skill level 1 in Shields
  5427 | D:5      | Reached skill level 1 in Evocations
  5553 | D:5      | Noticed Eustachio
  5561 | D:5      | Killed Eustachio
  5666 | D:5      | Noticed Prince Ribbit
  6548 | D:5      | Killed Prince Ribbit
  6548 | D:5      | Reached XP level 9. HP: 36/49 MP: 0/19
  6668 | D:5      | Found a burning altar of Makhleb.
  7065 | D:6      | Found a blossoming altar of Fedhas.
  7358 | D:6      | Found a shadowy altar of Dithmenos.
  7363 | D:6      | Noticed Blork the orc
  7376 | D:6      | Reached skill level 5 in Conjurations
  7378 | D:6      | Killed Blork the orc
  7917 | D:6      | Found a white marble altar of Elyvilon.
  8365 | D:6      | Found Waenuj's Assorted Antiques.
  9993 | D:7      | Reached XP level 10. HP: 56/56 MP: 12/21
 11110 | D:7      | Found a radiant altar of Vehumet.
 11113 | D:7      | Became a worshipper of Vehumet
 11552 | D:8      | Noticed a death yak
 11727 | D:8      | Noticed l0ser140's ghost (novice HuFi)
 12022 | D:8      | Found a staircase to the Lair.
 12054 | D:8      | Learned a level 3 spell: Conjure Flame
 12057 | D:8      | Learned a level 2 spell: Repel Missiles
 12059 | D:8      | Learned a level 1 spell: Magic Dart
 12102 | D:8      | Noticed Gastronok
 12104 | D:8      | Noticed Erica
 12654 | D:8      | Found an opulent altar of Gozag.
 12885 | D:8      | Slain by a death yak

Skill      XL: |  1  2  3  4  5  6  7  8  9 10 |
---------------+-------------------------------+-----
Spellcasting   | 3 4 5 6 7 8 |  8.1
Earth Magic    | 4 5 6 7 8 |  8.1
Conjurations   | 2 3 4 5 6 |  6.1
Fighting       | 2 3 4 |  4.6
Armour         | 2 3 4 |  4.1
Shields        | 2 3 4 |  4.3
Evocations     | 2 3 |  3.5
Dodging        | 2 3 |  3.6
Stealth        | |  2.1
Transmutations | |  0.7

Action                   |  1- 3 |  4- 6 |  7- 9 | 10-12 || total
-------------------------+-------+-------+-------+-------++-------
Melee: Short sword       |    31 |    27 |   156 |    72 ||   286
       Mace              |       |       |    46 |    10 ||    56
       Morningstar       |       |       |    26 |       ||    26
Throw: Tomahawk          |       |       |     1 |     4 ||     5
 Cast: Sandblast         |    49 |   102 |    63 |     6 ||   220
       Stone Arrow       |       |       |    96 |    78 ||   174
       Repel Missiles    |       |       |       |     1 ||     1
  Use: Scroll            |       |     4 |     2 |     1 ||     7
       Potion            |       |       |       |     1 ||     1
 Stab: Sleeping          |     1 |       |     1 |       ||     2
       Distracted        |       |       |     1 |       ||     1
  Eat: Chunk             |     2 |     7 |    22 |     7 ||    38
       Pizza             |       |       |       |     1 ||     1
Armor: Robe              |    16 |    32 |   101 |    44 ||   193
Dodge: Dodged            |    35 |    48 |   168 |    71 ||   322
       Deflected         |       |       |       |     3 ||     3
